 Dungeon Crawl Stone Soup version 0.29.1-1-gd02db6906a (webtiles) character file.

Game seed: 661470181989214685

515 hawla the Arsonist (level 7, -3/50 HPs)
             Began as a Meteoran Fire Elementalist on Oct 10, 2022.
             Slain by a black bear (4 damage)
             ... on level 5 of the Dungeon.
             The game lasted 00:07:11 (2357 turns).

hawla the Arsonist (Meteoran Fire Elementalist)     Turns: 2357, Time: 00:07:13

Health: -3/50      AC:  4    Str: 10    XL:     7   Next: 72%
Magic:  14/14      EV: 12    Int: 19    God:
Gold:   208        SH:  0    Dex: 14    Spells: 7/14 levels left

rFire   . . .      SeeInvis .   k - +1 quarterstaff
rCold   . . .      Faith    .   (shield currently unavailable)
rNeg    . . .      Spirit   .   a - +0 robe
rPois   .          Reflect  .   i - +0 helmet
rElec   .          Harm     .   (no cloak)
rCorr   .          Rampage  .   (no gloves)
Will    .....                   j - +0 pair of boots
Stlth   +.........              g - amulet of magic regeneration
HPRegen 0.16/turn               (no ring)
MPRegen 0.54/turn               (no ring)

@: about to teleport, glowing
A: sense surroundings 1, otherworldly, glowing, explore regen
a: no special abilities


You were on level 5 of the Dungeon.
You visited 2 branches of the dungeon, and saw 6 of its levels.

You collected 208 gold pieces.

Inventory:

Hand Weapons
 k - a +1 quarterstaff (weapon)
Armour
 a - a +0 robe (worn)
 i - a +0 helmet (worn)
 j - a +0 pair of boots (worn)
Jewellery
 g - an amulet of magic regeneration (around neck)
Wands
 l - a wand of paralysis (4) (quivered)
Scrolls
 e - 2 scrolls of teleportation
Potions
 b - 2 potions of magic
 c - 2 potions of ambrosia {unknown}
 d - a potion of attraction
 f - a potion of curing {unknown}
 h - 2 potions of resistance {unknown}
 m - a potion of cancellation {unknown}
 n - 2 potions of flight {unknown}
 q - a potion of invisibility {unknown}


   Skills:
 + Level 0.1 Fighting
 + Level 2.4 Dodging
 - Level 1.4 Stealth
 + Level 4.1 Spellcasting
 + Level 3.8 Conjurations
 + Level 8.2 Fire Magic


You had 7 spell levels left.
You knew the following spells:

 Your Spells              Type           Power      Damage    Failure   Level
a - Foxfire               Conj/Fire      100%       2x1d9     1%          1
b - Scorch                Fire           70%        2d9       1%          2
c - Flame Wave            Conj/Fire      26%        2d8       12%         4

Your spell library contained the following spells:

 Spells                   Type           Power      Damage    Failure   Level
 Conjure Flame            Conj/Fire      26%        6-21      3%          3
 Inner Flame              Hex/Fire       19%        N/A       8%          3
 Summon Guardian Golem    Hex/Summ       3%         N/A       38%         3
 Orb of Destruction       Conj           9%         9d6       100%        7
 Spellforged Servitor     Conj/Summ      5%         N/A       100%        7


Dungeon Overview and Level Annotations

Branches:
Dungeon (5/15) Zot: 843    Temple (1/1) D:5 Zot: 387

Altars:
Ashenzari
Cheibriados
Dithmenos
Fedhas
Gozag
Hepliaklqana
Makhleb
Nemelex Xobeh
Okawaru
Qazlal
Ru
Sif Muna
Trog
Uskayaw
Wu Jian
Xom
Yredelemnul
Zin
The Shining One


Innate Abilities, Weirdness & Mutations

You passively map a small area around you.
You are easily found by Zot.
You glow in the dark.
You regain HP and MP as you explore.


Message History

Items here: ) / [ †.
A black bear is nearby!
l - a wand of paralysis (4)
Casting: Flame Wave (quite dangerous; 12% risk of failure)
Confirm with . or Enter, or press ? or * to list all spells.
You conjure some foxfire!
An orc comes into view. It is wielding a +0 trident.
Casting: Foxfire (safe; 1% risk of failure)
Confirm with . or Enter, or press ? or * to list all spells.
You conjure some foxfire!
An ogre comes into view. It is wielding a +0 giant club.
The foxfire hits the ogre but does no damage.
The foxfire hits the ogre.
The ogre is lightly wounded.
The foxfire hits the ogre.
The ogre is moderately wounded.
There is a staircase to the Ecumenical Temple here.
You climb downwards.
Welcome back to the Ecumenical Temple!
There is a staircase back to the Dungeon here.
You start waiting.
Your magical contamination has completely faded away.
You start waiting.
Magic restored.
You start waiting.
HP restored.
You climb upwards.
Welcome back to the Dungeon!
The black bear bites you. The black bear claws you.
The black bear barely misses you.
An orc comes into view. It is wielding a +0 dagger.
The ogre hits you with a +0 giant club! The black bear bites you.
The black bear closely misses you.
The black bear claws you but does no damage.
There is a staircase to the Ecumenical Temple, spattered with blood here.
As you read the scroll of teleportation, it crumbles to dust.
You feel strangely unstable.
The ogre hits you with a +0 giant club!!
* * * LOW HITPOINT WARNING * * *
The black bear barely misses you.
The black bear claws you but does no damage.
The black bear claws you.
You die...

,,,,,#.,...*,,##.##,* *****
,,,,,,.##..,,,.....,*****,,,*
,,,**,.....,,,#...#,,**,,,,**
*******....,,*#.o.#*,,,,*,** *
#.#..,*#....,**,,*,,*
##.##.##..#.#,,**,*,**
###........##o##,,,,#,********
#...#.#...##[†.##....,**,,,,,,
####.#.....⌠...O@h...⌠..,,,,,****
#...<..###...##...##...#******
...#####*#.v..##.##,,..#
##,*,,,,..§##..#.#,,**.#
*,,,**###.,*#....,**,,# **,,**
#.,,*#.⌠.#*,,** *,,**
#.*,,*...#,,,* *,,*
*,*,,.....,,,* ,,**
**>*,,,,,****,*


You could see a black bear, an ogre and 2 orcs.

Vanquished Creatures
  An ice beast (D:5)
  An ogre (D:4)
  A howler monkey (D:5)
  3 hounds
  A jelly (D:5)
  2 iguanas (D:4)
  Ijyb (D:5)
  2 adders
  3 worms
  3 dart slugs
  An orc (D:3)
  9 endoplasms
  8 goblins
  5 hobgoblins
  4 kobolds
  9 quokkas
  4 ball pythons
  6 bats
  10 frilled lizards
  3 rats
77 creatures vanquished.

Vanquished Creatures (others)
  138 foxfires
138 creatures vanquished.

Grand Total: 215 creatures vanquished

Notes
Turn   | Place    | Note
-------+----------+-------------------------------------------
     0 | D:1      | hawla the Meteoran Fire Elementalist began the quest for
                  | the Orb.
     0 | D:1      | Reached XP level 1. HP: 14/14 MP: 5/5
   146 | D:1      | Reached XP level 2. HP: 16/20 MP: 1/7
   149 | D:1      | Learned a level 2 spell: Scorch
   164 | D:1      | Reached skill level 4 in Fire Magic
   404 | D:1      | Reached XP level 3. HP: 25/26 MP: 6/8
   455 | D:1      | Found a faded altar of an unknown god.
   497 | D:1      | Glimpsed the power of Zot.
   701 | D:2      | Reached XP level 4. HP: 24/33 MP: 1/9
  1081 | D:2      | Reached skill level 5 in Fire Magic
  1096 | D:2      | Glimpsed the power of Zot.
  1444 | D:3      | Reached XP level 5. HP: 38/38 MP: 8/11
  1449 | D:3      | Learned a level 4 spell: Flame Wave
  1696 | D:3      | Glimpsed the power of Zot.
  1746 | D:3      | Glimpsed the power of Zot.
  1749 | D:4      | Noticed an ogre
  1753 | D:4      | Killed an ogre
  1754 | D:4      | Reached skill level 6 in Fire Magic
  1754 | D:4      | Reached XP level 6. HP: 45/45 MP: 7/12
  1931 | D:4      | Reached skill level 7 in Fire Magic
  2116 | D:5      | Entered Level 5 of the Dungeon
  2118 | D:5      | Found a staircase to the Ecumenical Temple.
  2121 | D:5      | Noticed an ice beast
  2127 | D:5      | Reached XP level 7. HP: 50/50 MP: 7/13
  2128 | D:5      | Reached skill level 8 in Fire Magic
  2129 | Temple   | Entered the Ecumenical Temple
  2260 | D:5      | Noticed Ijyb
  2260 | D:5      | Paralysed by Ijyb for 4 turns
  2270 | D:5      | Killed Ijyb
  2357 | D:5      | HP: 1/50 [ogre/+0 giant club (22)]
  2357 | D:5      | Slain by a black bear

Illustrated notes

Levels and vault maps discovered:
D:1:      dpeg_arrival_erosion, layout_rooms, serial_aquarium,
          aquarium_bridge_square [aquarium_subvault_wall,
          aquarium_subvault_bridge, aquarium_subvault_window,
          aquarium_subvault_window], aquarium_window_1, aquarium_window_1,
          aquarium_view_2c, aquarium_view_4, aquarium_pool_S,
          hellmonk_ecumenical_altar_leap_of_faith,
          chequers_serial_rivers_large_a, kennysheep_doodads,
          minmay_misc_feat_plants
D:2:      layout_basic, st_stairs_10
D:3:      minmay_chambers_of_threes, layout_basic,
          mainiacjoe_overflow_concentric_impassable
D:4:      layout_rooms
D:5:      layout_rooms, minmay_temple_entry_waves, minmay_between, uniq_ijyb,
          uniq_pikel, uniq_edmund
Temple:   nicolae_temple_bog_church

Skill      XL: |  1  2  3  4  5  6  7 |
---------------+----------------------+-----
Spellcasting   | 3 4 |  4.1
Fire Magic     | 4 5 6 7 8 |  8.2
Conjurations   | 2 3 |  3.8
Fighting       | |  0.1
Dodging        | |  2.4
Stealth        | |  1.4

Action                   |  1- 3 |  4- 6 |  7- 9 || total
-------------------------+-------+-------+-------++-------
Melee: Unarmed           |     1 |     2 |       ||     3
       Quarterstaff      |       |     3 |       ||     3
 Cast: Foxfire           |    33 |    54 |     4 ||    91
       Scorch            |     7 |    31 |     3 ||    41
       Flame Wave        |       |     1 |     1 ||     2
  Use: Scroll            |     4 |     5 |     3 ||    12
Armor: Robe              |     3 |    14 |     3 ||    20
Dodge: Dodged            |     7 |    30 |     3 ||    40
